 Dungeon Crawl Stone Soup version 0.31-a0-1278-g11c5b68f87 (webtiles) character file.

Game seed: 18152537972350057582

2071 Lobster4 the Zephyrmancer (level 9, 0/52 HPs)
             Began as a Tengu Air Elementalist on Dec 18, 2023.
             Slain by a sleepcap (6 damage)
             ... on level 7 of the Dungeon.
             The game lasted 00:20:08 (8252 turns).

Lobster4 the Zephyrmancer (Tengu Air Elementalist)  Turns: 8252, Time: 00:20:08

Health: 0/52       AC:  7    Str: 14    XL:     9   Next: 26%
Magic:  12/16      EV: 16    Int: 19    God:
Gold:   269        SH:  0    Dex: 11    Spells: 7/17 levels left

rFire   + . .        r - +2 short sword (drain)
rCold   . . .        (no shield)
rNeg    + . .        l - +0 leather armour
rPois   +            (helmet restricted)
rElec   +            d - +2 cloak
rCorr   .            k - +0 pair of gloves
SInv    .            (boots unavailable)
Will    .....        E - amulet "Suptul Peoc" {RegenMP rF+ rN+ Dex-5 Slay+2}
Stlth   ++           t - ring "Lyum Isay" {rElec rPois Str+6}
HPRegen 0.28/turn    (no ring)
MPRegen 0.55/turn

%: acrobat
@: flying
A: beak, talons 3, evasive flight, acrobatic
a: no special abilities


You were on level 7 of the Dungeon.
You visited 1 branch of the dungeon, and saw 7 of its levels.
You also visited: Sewer.

You collected 269 gold pieces.

Inventory:

Hand Weapons
 a - a +1 dagger of holy wrath
 b - a +0 sling
 h - a +3 trident of draining
 r - a +2 short sword of draining (weapon)
Missiles
 y - 3 atropa-tipped darts
 B - a boomerang
 F - 22 poisoned darts (quivered)
Armour
 d - a +2 cloak (worn)
 j - an orb of energy
 k - a +0 pair of gloves (worn)
 l - a +0 leather armour (worn)
Magical Staves
 p - a staff of poison
 A - a staff of cold
Jewellery
 g - a ring of fire
 t - the ring "Lyum Isay" (left hand) {rElec rPois Str+6}
   (You acquired it on level 6 of the Dungeon)

   [ring of strength]

   Str+6:     It affects your strength (+6).
   rElec:     It insulates you from electricity.
   rPois:     It protects you from poison
 E - the amulet "Suptul Peoc" (around neck) {RegenMP rF+ rN+ Dex-5 Slay+2}
   (You acquired it on level 5 of the Dungeon)

   [amulet of magic regeneration]

   RegenMP:   It increases your rate of magic regeneration.
   Dex-5:     It affects your dexterity (-5).
   Slay+2:    It affects your accuracy & damage with ranged weapons and melee
   (+2).
   rF+:       It protects you from fire.
   rN+:       It protects you from negative energy.
 G - an amulet of regeneration
Wands
 s - a wand of iceblast (14)
 x - a wand of mindburst (9)
Scrolls
 m - 2 scrolls of blinking
 n - a scroll of enchant weapon
 q - a scroll of fog
 w - 4 scrolls of teleportation
Potions
 c - 4 potions of curing {unknown}
 e - a potion of lignification {unknown}
 f - a potion of magic
 i - 3 potions of heal wounds
 o - 3 potions of degeneration {unknown}
 u - 2 potions of brilliance {unknown}
 v - a potion of might
 z - a potion of attraction
 C - a potion of cancellation {unknown}
 D - a potion of ambrosia
 H - a potion of haste {unknown}


   Skills:
 + Level 4.5 Fighting
 - Level 1.0 Short Blades
 - Level 1.0 Throwing
 - Level 3.0 Armour
 - Level 3.0 Dodging
 - Level 2.0 Stealth
 + Level 4.6 Spellcasting
 + Level 6.1 Conjurations
 * Level 9.6 Air Magic
 + Level 3.6 Evocations


You had 7 spell levels left.
You knew the following spells:

 Your Spells              Type           Power      Damage    Failure   Level
a - Shock                 Conj/Air       100%       1d9       1%          1
b - Static Discharge      Conj/Air       68%        3-6/arc   1%          2
c - Airstrike             Air            20%        2d(3-19)  3%          4
s - Swiftness             Air            41%        N/A       1%          3

Your spell library contained the following spells:

 Spells                   Type           Power      Damage    Failure   Level
 Slow                     Hex            16%        N/A       16%         1
 Confusing Touch          Hex            4%         N/A       43%         3
 Gell's Gravitas          Tloc           4%         N/A       43%         3
 Sigil of Binding         Hex            4%         N/A       43%         3
 Teleport Other           Tloc           4%         N/A       43%         3
 Vampiric Draining        Necr           4%         2d6       43%         3
 Dispersal                Tloc           2%         N/A       100%        6


Dungeon Overview and Level Annotations

Branches:
Dungeon (7/15)              Sewer (visited)
 Temple: D:4-7

Altars:
Dithmenos
Elyvilon
Fedhas
Kikubaaqudgha
Nemelex Xobeh
Qazlal
Yredelemnul
The Shining One

Shops:
D:1 !   D:3 [

Annotations:
D:1 exclusion: gnoll
D:5 Dowan, Duvessa


Innate Abilities, Weirdness & Mutations

You have a beak for a mouth.
You have claws for feet.
Your magical flight helps you evade attacks. (EV +4)
You can magically evade attacks while moving or waiting.


Message History

The vampire mosquito is heavily damaged.
The lightning grounds out.
The vampire mosquito is struck by an arc of lightning.
The vampire mosquito is severely damaged.
The vampire mosquito is struck by an arc of lightning.
The vampire mosquito is severely damaged.
You are struck by an arc of lightning.
The vampire mosquito barely misses you. The vampire mosquito misses you.
The vampire mosquito bites you but does no damage.
The vampire mosquito bites you!
The vampire mosquito draws strength from your injuries!
Unknown command.
Casting: Static Discharge (safe; 1% risk of failure)
Confirm with . or Enter, or press ? or * to list all spells.
The vampire mosquito is struck by an arc of lightning.
The vampire mosquito is severely damaged.
The vampire mosquito is struck by an arc of lightning.
The vampire mosquito is severely damaged.
The lightning grounds out.
The vampire mosquito is struck by an arc of lightning.
The vampire mosquito is almost destroyed.
The vampire mosquito is struck by an arc of lightning!
The vampire mosquito is almost destroyed.
The vampire mosquito is struck by an arc of lightning.
You destroy the vampire mosquito!
The lightning grounds out.
The vampire mosquito bites you.
The vampire mosquito draws strength from your injuries!
The vampire mosquito closely misses you.
Your Conjurations skill increases to level 6!
Unknown command.
The vampire mosquito completely misses you.
The vampire mosquito closely misses you.
The sleepcap releases spores at you.
You are engulfed in a cloud of soporific spores!
You fall asleep.
The vampire mosquito bites you!
You wake up.
* * * LOW HITPOINT WARNING * * *
The vampire mosquito draws strength from your injuries!
The sleepcap releases spores at you.
You die...

..#.... #..#...
##.....###
#........##
..........# ####
..........###..###
.......#...#...#.###
#......#...fy......#
##..........@....###
#............#.>#
.........##.##..##
........######...#
........ ###...##
........##.....#
.............##
.........###.##
...........#..##


You could see a vampire mosquito and a sleepcap.

Vanquished Creatures
  Jeremiah (D:6)
  A vampire mosquito (D:7)
  2 ice beasts (D:6)
  2 ogres (D:6)
  A phantom (D:6)
  2 kobold brigands (D:6)
  4 bullfrogs
  2 scorpions
  4 orc priests
  2 hounds
  3 jellies
  Terence (D:2)
  An iguana (D:6)
  2 orc wizards
  10 gnolls
  8 adders
  2 shadow imps (D:6)
  4 ufetubi (D:5)
  A worm (D:5)
  A dart slug (D:2)
  12 orcs
  8 endoplasms
  20 giant cockroaches
  7 goblins
  7 hobgoblins
  4 jackals (D:1)
  13 quokkas
  15 ball pythons
  5 bats
  12 frilled lizards
  10 kobolds
  4 rats
171 creatures vanquished.

Vanquished Creatures (others)
  A human (D:6)
1 creature vanquished.

Grand Total: 172 creatures vanquished

Notes
Turn   | Place    | Note
-------+----------+-------------------------------------------
     0 | D:1      | Lobster4 the Tengu Air Elementalist began the quest for the
                  | Orb.
     0 | D:1      | Reached XP level 1. HP: 10/10 MP: 4/4
   259 | D:1      | Found Poink's Distillery.
   398 | D:1      | Reached XP level 2. HP: 14/16 MP: 3/6
   407 | D:1      | Learned a level 2 spell: Static Discharge
   799 | D:1      | Reached XP level 3. HP: 20/20 MP: 5/7
  1341 | D:2      | Found a faded altar of an unknown god.
  1418 | D:2      | Reached skill level 1 in Armour
  1697 | D:2      | Noticed Terence
  1758 | D:2      | Reached XP level 4. HP: 24/24 MP: 4/8
  1904 | D:2      | Killed Terence
  1905 | D:2      | Reached skill level 1 in Fighting
  1905 | D:2      | Reached skill level 1 in Short Blades
  1905 | D:2      | Reached skill level 5 in Air Magic
  2560 | D:2      | Reached XP level 5. HP: 29/29 MP: 5/9
  3023 | D:3      | Found a glowing golden altar of the Shining One.
  3179 | D:3      | Learned a level 3 spell: Swiftness
  3181 | D:3      | Found a glowing drain.
  3214 | Sewer    | Entered a sewer
  4017 | Sewer    | Reached XP level 6. HP: 21/35 MP: 3/11
  4162 | Sewer    | Reached skill level 6 in Air Magic
  4619 | D:3      | Found a white marble altar of Elyvilon.
  4850 | D:3      | Found Xudoh's Armour Emporium.
  4935 | D:3      | Found a basalt altar of Yredelemnul.
  4937 | D:3      | Noticed a profane servitor
  4948 | D:3      | Noticed an angel
  5243 | D:4      | Found a sparkling altar of Nemelex Xobeh.
  5610 | D:5      | Entered Level 5 of the Dungeon
  5777 | D:5      | Learned a level 4 spell: Airstrike
  5826 | D:5      | Gained mutation: Your magical flight helps you evade
                  | attacks. (EV +4) [Tengu growth]
  5826 | D:5      | Reached XP level 7. HP: 40/40 MP: 6/12
  5901 | D:5      | Noticed Duvessa
  5901 | D:5      | Noticed Dowan
  5903 | D:5      | Identified 2 scrolls of acquirement
  5903 | D:5      | Acquired the amulet "Suptul Peoc" {RegenMP rF+ rN+ Dex-5
                  | Slay+2}
  6057 | D:5      | Reached skill level 1 in Evocations
  6489 | D:5      | Found a blossoming altar of Fedhas.
  6776 | D:6      | Reached skill level 7 in Air Magic
  6794 | D:6      | Acquired the ring "Lyum Isay" {rElec rPois Str+6}
  6986 | D:6      | Reached XP level 8. HP: 46/46 MP: 10/14
  7187 | D:6      | Noticed Jeremiah
  7191 | D:6      | Killed Jeremiah
  7192 | D:6      | Reached skill level 5 in Conjurations
  7192 | D:6      | Reached skill level 8 in Air Magic
  7579 | D:6      | Found an ancient bone altar of Kikubaaqudgha.
  7672 | D:6      | Found a shadowy altar of Dithmenos.
  7761 | D:6      | Reached skill level 1 in Throwing
  7761 | D:6      | Reached skill level 9 in Air Magic
  7761 | D:6      | Reached XP level 9. HP: 52/52 MP: 13/16
  7826 | D:6      | Found a stormy altar of Qazlal.
  8252 | D:7      | Slain by a sleepcap

Illustrated notes

Levels and vault maps discovered:
D:1:      psy_arrival_heroes, layout_basic, serial_shops, shop,
          minmay_tetromino_i2
D:2:      layout_basic, nicolae_ecumenical_pavilion, uniq_terence
D:3:      layout_loops_corners, grunt_temple_overflow_holy_war,
          elyvilon_altar_1, serial_shops, nicolae_shop_back_alley_shop,
          gup_sewer_entry_pipe
D:4:      layout_cave_pools, nicolae_overflow_hidden_temple
D:5:      layout_loops_corners, fedhas_altar_fruit_tree,
          hangedman_abyss_or_decor_passed, minivault_25, uniq_duvessa
D:6:      minmay_general_purpose_star, layout_basic,
          mainiacjoe_overflow_concentric_impassable,
          nicolae_qazlal_scattered_showers, tgw_kikubaaqudgha, uniq_jeremiah
D:7:      layout_cave_pools, temple_fountains

Skill      XL: |  1  2  3  4  5  6  7  8  9 |
---------------+----------------------------+-----
Armour         | 1 2 3 |  3.0
Conjurations   | 2 3 4 5 6 |  6.1
Fighting       | 1 2 3 4 |  4.5
Short Blades   | 1 |  1.0
Air Magic      | 5 6 7 9 |  9.6
Dodging        | 3 |  3.0
Spellcasting   | 3 4 |  4.6
Evocations     | 2 3 |  3.6
Throwing       | 1 |  1.0
Stealth        | |  2.0

Action                     |  1- 3 |  4- 6 |  7- 9 || total
---------------------------+-------+-------+-------++-------
  Melee: Unarmed           |     2 |       |       ||     2
         Short sword       |     9 |     7 |     1 ||    17
         Peck              |     1 |     1 |     1 ||     3
         Kick              |     1 |     2 |       ||     3
         Trident           |       |       |     1 ||     1
  Throw: Dart              |       |       |     1 ||     1
   Cast: Shock             |    68 |   177 |   141 ||   386
         Static Discharge  |     1 |     4 |    28 ||    33
    Use: Scroll            |     1 |     3 |    11 ||    15
   Stab: Sleeping          |       |       |     1 ||     1
 Armour: Robe              |     6 |    13 |       ||    19
         Leather armour    |       |     7 |    65 ||    72
  Dodge: Dodged            |    22 |    19 |    30 ||    71

Table legend: (Time is in decaauts)
 A = Elapsed time spent in this place.
 B = Non-inter-level travel time spent in this place.
 C = Inter-level travel time spent in this place.
 D = Time resting spent in this place.
 E = Time spent auto-exploring this place.
 F = Levels seen in this place.
 G = Mean time per level.
                   A        B        C        D        E       F      G
               +--------+--------+--------+--------+--------+-----+--------+
         Total |   8327 |   8061 |    266 |   1252 |   5639 |   8 | 1040.9 |
       Dungeon |   7246 |   6980 |    266 |    878 |   5107 |   7 | 1035.1 |
         Sewer |   1081 |   1081 |      0 |    374 |    532 |   1 | 1081.0 |
               +--------+--------+--------+--------+--------+-----+--------+

Top non-repeatable levels by time:
     D:2: 1470 daAuts
     D:6: 1389 daAuts
     D:1: 1340 daAuts
     D:3: 1186 daAuts
     D:5: 1161 daAuts
   Sewer: 1081 daAuts
     D:4: 609 daAuts
     D:7: 87 daAuts
